Map: Lerilak Crest

Players

HyuN - Winner!

  • Race: Zerg Zerg

Miniraser

  • Race: Zerg Zerg
  • League: Master

Event: Homestory Cup XII

VOD

Have the link to the VOD?

Description

Time

  • Played on: Dec. 18, 2015, 8:59 a.m.
  • Length: 10:54

All games in this series

Show
View Real Time Build Order
Export as new Build Order

HyuN Zerg - Winner!

Build Orders: Pool First, Zergling Baneling 

Get SALT Encoding   

  12  0:00  Drone  
  13  0:15  Extractor  
  12  0:23  Spawning Pool  
  12  0:27  Drone  
  12  0:32  Drone  
  13  0:38  Drone  
  14  0:49  Overlord  
  14  1:10  Zergling x2, Queen  
  17  1:16  Metabolic Boost  
  17  1:21  Zergling x2  
  18  1:26  Zergling x2  
  19  1:35  Baneling Nest  
  18  1:41  Zergling x2  
  18  1:45  Zergling x2  
  20  1:52  Zergling x2  
  21  2:00  Overlord  
  21  2:07  Zergling x2  
  22  2:21  Zergling x2  
  22  2:22  Zergling x6  
  22  2:33  Zergling x2  
  23  2:43  Zergling x2  
  21  2:56  Zergling x2  
  22  3:03  Baneling x3  
  22  3:06  Zergling x2  
  23  3:15  Drone  
  23  3:16  Baneling x2  
  21  3:29  Zergling x6  
  21  3:33  Baneling x2  
  22  3:43  Zergling x2  
  22  3:45  Zergling x2  
  23  3:50  Baneling x3  
  22  3:56  Zergling x2  
  22  3:57  Zergling x4  
  16  4:10  Zergling x2  
  17  4:17  Zergling x2  
  17  4:18  Baneling  
  17  4:22  Zergling x2  
  17  4:23  Zergling x4  
  21  4:27  Zergling x2  
  22  4:38  Zergling x2  
  23  4:40  Baneling  
  23  4:41  Baneling  
  23  4:52  Zergling x4  
  21  4:55  Baneling  
  21  5:06  Zergling x6  
  23  5:14  Baneling  
  18  5:18  Zergling x2  
  18  5:20  Zergling x2  
  20  5:28  Zergling x2  
  20  5:37  Baneling  
  20  5:38  Baneling  
  20  5:43  Drone  
  20  5:45  Drone  
  22  5:56  Drone  
  23  6:06  Drone x2  
  24  6:14  Drone  
  24  6:17  Drone  
  25  6:18  Drone  
  25  6:25  Zergling x2  
  27  6:30  Baneling x2  
  27  6:31  Zergling x2  
  28  6:36  Zergling x2  
  28  6:39  Zergling x2  
  30  6:43  Baneling  
  30  6:54  Zergling x4  
  26  7:00  Baneling x2  
  27  7:07  Zergling x6  
  29  7:13  Baneling x2  
  29  7:29  Zergling x2  
  29  7:32  Zergling x4  
  29  7:37  Baneling x2  
  29  7:41  Zergling x2  
  30  7:56  Overlord  
  27  8:03  Zergling x2  
  27  8:09  Baneling x2  
  27  8:10  Zergling x2  
  27  8:12  Zergling x2  
  28  8:15  Zergling x2  
  28  8:16  Zergling x2  
  26  8:27  Zergling x2  
  27  8:36  Zergling x2  
  27  8:39  Queen, Zergling x6  
  32  8:50  Zergling x2  
  32  8:52  Baneling  
  32  8:53  Baneling x2  
  33  9:01  Zergling x2  
  33  9:07  Zergling x2  
  33  9:08  Zergling x2  
  33  9:09  Zergling x2  
  32  9:12  Zergling x2  
  32  9:31  Hatchery  
  32  9:32  Zergling x2  
  32  9:36  Zergling x6  
  32  9:37  Zergling x2  
  36  9:41  Baneling  
  36  9:42  Baneling x2  
  36  9:48  Zergling x2  
  37  9:55  Baneling x2  
  35  10:14  Baneling  
  35  10:15  Baneling x3  
  35  10:17  Zergling x8  
  37  10:26  Baneling  
  37  10:34  Zergling x2  
Show
View Real Time Build Order
Export as new Build Order

Miniraser Zerg 

Build Orders: Pool Only, Zergling Baneling 

Get SALT Encoding   

  12  0:00  Drone  
  13  0:12  Extractor  
  12  0:25  Spawning Pool  
  11  0:29  Drone  
  11  0:34  Drone  
  13  0:39  Drone  
  14  0:50  Overlord  
  14  1:12  Zergling x6  
  14  1:15  Metabolic Boost  
  17  1:24  Zergling x2  
  18  1:31  Queen  
  20  1:36  Zergling x2  
  21  1:46  Zergling x2  
  22  1:50  Baneling Nest  
  22  2:08  Zergling x2  
  22  2:20  Overlord  
  20  2:30  Zergling x4  
  20  2:33  Baneling  
  22  2:40  Zergling x2  
  21  2:47  Zergling x2  
  21  2:48  Zergling x4  
  23  2:53  Baneling  
  23  2:54  Baneling  
  23  2:56  Zergling x2  
  23  3:02  Baneling  
  23  3:03  Baneling  
  23  3:09  Zergling x2  
  24  3:17  Zergling x6  
  26  3:28  Zergling x2  
  27  3:39  Baneling x3  
  22  3:43  Zergling x2  
  19  4:02  Zergling x6  
  21  4:03  Zergling x2  
  17  4:16  Baneling  
  17  4:22  Drone  
  17  4:35  Drone x2  
  19  4:38  Baneling  
  19  4:40  Baneling  
  19  4:42  Drone x2  
  20  4:56  Drone x2  
  20  4:58  Baneling  
  22  5:06  Zergling x2  
  17  5:23  Zergling x4  
  18  5:31  Zergling x4  
  20  5:36  Baneling  
  20  5:44  Queen  
  20  5:49  Zergling x2  
  23  5:52  Baneling  
  23  5:55  Zergling x2  
  24  6:10  Zergling x6  
  24  6:23  Zergling x2  
  24  6:36  Baneling  
  24  6:37  Baneling  
  24  6:41  Zergling x2  
  23  6:56  Zergling x8  
  27  7:08  Zergling x2  
  26  7:12  Baneling  
  26  7:15  Baneling  
  20  7:31  Baneling  
  20  7:32  Drone x4  
  20  7:34  Zergling x2  
  24  7:44  Zergling x2  
  25  7:46  Baneling  
  25  7:58  Zergling x4  
  20  8:08  Zergling x2  
  20  8:09  Zergling x4  
  19  8:20  Zergling x2  
  17  8:29  Zergling x2  
  17  8:30  Baneling  
  17  8:40  Queen  
  19  8:47  Baneling  
  19  8:48  Baneling  
  19  8:51  Zergling x2  
  20  9:02  Zergling x2  
  20  9:03  Zergling x4  
  19  9:13  Zergling x2  
  19  9:15  Baneling  
  19  9:35  Zergling x4  
  21  9:52  Zergling x8  
  25  10:03  Baneling  
  25  10:04  Baneling  
  23  10:16  Drone  
  23  10:17  Drone  
  24  10:35  Zergling x4  
Tags
 
Add a new tag
Caveats
  • Supply blocks, unpowered buildings, or Contaminate may cause inaccurate times.
  • Supply counts are checked every 10 seconds.